 Dungeon Sprint DCSS version 0.20-a0-739-g6bb112f (webtiles) character file.

50 esc the Skirmisher (level 3, -7/37 HPs)
             Began as a Centaur Fighter on Feb 25, 2017.
             Was an Initiate of the Shining One (penitent).
             Mangled by a soul eater (13 damage)
             ... in the Dungeon (Sprint V: "Ziggurat Sprint").
             The game lasted 00:05:34 (219 turns).

esc the Skirmisher (Centaur Fighter)                 Turns: 219, Time: 00:05:35

Health: -7/37      AC: 26    Str: 31    XL:     3   Next: 55%
Magic:  3/3        EV: -1    Int:  7    God:    the Shining One [*]
Gold:   0          SH: 27    Dex:  8    Spells: 2/2 levels left

rFire    . . .     SeeInvis +   T - +14 obsidian axe {chop, +Fly SInv *Curse} (curse)
rCold    . . .     Gourm    .   Q - +15 Maxwell's patent armour {-Cast -Tele rElec MR+ rCorr}
rNeg     + . .     Faith    .   R - +18 shield of the Gong {rElec rN+ MR+ EV-5}
rPois    .         Spirit   .   (no helmet)
rElec    +         Reflect  .   (no cloak)
rCorr    +         Harm     .   a - +0 pair of gloves {archery}
MR       ++...     NoTele   +   (no barding) Stlth ..........NoCast +
                                (no amulet)
Regen    0.2/turn               J - +6 ring of strength
MPRegen  0.1/turn               I - +6 ring of strength

@: mesmerised, drained, very quick
A: hooves 3, deformed body, speed 2, tough skin 3
a: Renounce Religion, Evoke Flight


You were in the Dungeon.
You worshipped the Shining One.
The Shining One was demanding penance.
You were not hungry.

You visited 1 branch

Inventory:

Hand Weapons
 T - the cursed +14 obsidian axe (weapon) {chop, +Fly SInv *Curse}
   (You found it in the Dungeon)

   It inflicts extra damage upon your enemies.
   It lets you see invisible.
   It lets you fly.
   It curses itself when equipped.
   It has a curse placed upon it.
   The Shining One disapproves of the use of such an item.
Armour
 a - a +0 pair of gloves of archery (worn)
   (You found it in the Dungeon)
 Q - the +15 Maxwell's patent armour (worn) {-Cast -Tele rElec MR+ rCorr}
   (You found it in the Dungeon)

   It insulates you from electricity.
   It affects your resistance to hostile enchantments.
   It prevents spellcasting.
   It prevents most forms of teleportation.
   It protects you from acid and corrosion.
 R - the +18 shield of the Gong (worn) {rElec rN+ MR+ EV-5}
   (You found it in the Dungeon)

   It affects your evasion (-5).
   It insulates you from electricity.
   It protects you from negative energy.
   It affects your resistance to hostile enchantments.
Jewellery
 E - a +6 ring of dexterity
   (You found it in the Dungeon)
 F - a +6 ring of dexterity
   (You found it in the Dungeon)
 G - a +6 ring of intelligence
   (You found it in the Dungeon)
 H - a +6 ring of intelligence
   (You found it in the Dungeon)
 I - a +6 ring of strength (left hand)
   (You found it in the Dungeon)
 J - a +6 ring of strength (right hand)
   (You found it in the Dungeon)
Wands
 o - a wand of disintegration (7/24)
   (You found it in the Dungeon)
 y - a wand of iceblast (5/15)
   (You found it in the Dungeon)
 A - a wand of lightning (5/15)
   (You found it in the Dungeon)
 B - a wand of acid (5/15)
   (You found it in the Dungeon)
Scrolls
 k - 4 scrolls of blinking {!r}
 q - 4 scrolls of amnesia
 r - 3 scrolls of recharging
 s - 7 scrolls of fog
 t - a scroll of holy word {!r}
 u - 5 scrolls of identify
 v - 5 scrolls of remove curse
 w - 2 scrolls of fear
Potions
 d - 6 potions of might
 e - 10 potions of curing
 g - 10 potions of heal wounds
 h - 6 potions of haste
 i - 7 potions of magic
 j - 3 potions of berserk rage {!q}
 l - 2 potions of brilliance
 m - 2 potions of invisibility
 n - 4 potions of resistance
 p - 5 potions of agility
Miscellaneous
 D - a crystal ball of energy
   (You found it in the Dungeon)
 K - a lightning rod (4/4)
   (You found it in the Dungeon)
Comestibles
 f - 5 bread rations {@e1}
 x - 42 fruits
 z - 4 meat rations {@e2}


   Skills:
 + Level 5.7(5.6) Fighting
 + Level 4.8(4.6) Axes
 + Level 4.3(4.1) Armour
 + Level 1.5(1.3) Dodging
 - Level 2.1(2.0) Shields


You had 2 spell levels left.
You didn't know any spells.

Dungeon Overview and Level Annotations

Branches:
Dungeon (1/1)

Altars:
Ashenzari
Cheibriados
Dithmenos
Elyvilon
Fedhas
Gozag
Hepliaklqana
Kikubaaqudgha
Makhleb
Nemelex Xobeh
Okawaru
Qazlal
Ru
Sif Muna
Trog
Uskayaw
Vehumet
Xom
Yredelemnul
Zin
The Shining One
Beogh
Jiyva
Lugonu


Innate Abilities, Weirdness & Mutations

You have hooves in place of feet.
Armour fits poorly on your strangely shaped body.
You cover ground very quickly.
You have extremely tough skin. (AC +3)


Message History

You feel stronger.
Health restored: 37; MP restored: 3
a - a +0 pair of gloves of archery Wear which item (? for menu, Esc to quit)
You start putting on your armour.
You continue putting on your +0 pair of gloves of archery. x4
You finish putting on your +0 pair of gloves of archery.
You feel that your aim is more steady.
Your surroundings seem different!
Welcome to arena 2.
The Shining One seems mollified.
Your divine halo returns!
You and your allies can gain power from killing the unholy and evil.
A white imp, a soul eater and a pandemonium lord come into view.
Visions of slaying the soul eater flood into your mind.
Heyludd howls, "Capitulate, thou foisting nut-hook fleecer!"
The white imp shouts, "Turn tail, thou clouted base-court gudgeon!"
Visions of slaying the white imp flood into your mind.
The white imp gestures at you. You block the puff of frost.
GONNNNG!
Heyludd gestures at you. You resist with significant effort.
Unknown command.
Visions of slaying the soul eater flood into your mind.
You cannot move away from the soul eater!
You cannot move away from the soul eater!
You feel guilty. "You will pay for your transgression, mortal!"
Your divine halo fades away.
You hit Heyludd but do no damage. You kick Heyludd, but do no damage.
You slash the white imp!
Visions of slaying Heyludd flood into your mind.
You block the white imp's attack.
GONNNNG!
Unknown command.
Unknown command.
Your shield and Maxwell's patent armour prevent you from hitting Heyludd.
You kick Heyludd, but do no damage.
You feel guilty. "You will pay for your transgression, mortal!"
You hit the white imp. You open a gate to Pandemonium!
A demon appears!
The smoke demon is enraged by your holy aura!
You kill the white imp!
The Shining One accepts your kill. Heyludd hits you but does no damage.
You feel guilty. "You will pay for your transgression, mortal!"
You slash Heyludd! You hit the soul eater. You block the soul eater's attack.
BONNNG!
You block Heyludd's attack.
GONNNNG!
You block the soul eater's attack.
BOUMMMMG!
Heyludd hits you.
You take 3 damage, and have 34/37 hp.
You feel guilty. "You will pay for your transgression, mortal!"
You slice Heyludd!! You kick Heyludd, but do no damage.
You closely miss the soul eater.
You hit the smoke demon but do no damage.
You block the smoke demon's attack.
GONNNNG!
You block the smoke demon's attack.
PANG!
You block the smoke demon's attack.
BONNNG!
The soul eater hits you but does no damage.
Heyludd gestures.
The smoke demon hits you but does no damage. x3
You feel guilty. "You will pay for your transgression, mortal!"
You slice Heyludd!! You hit the soul eater. You slash the smoke demon!
The soul eater hits you. You partially resist.
You feel drained. Heyludd hits you! The smoke demon gestures at you.
You block the sticky flame.
PANG!
You block the soul eater's attack.
BONNNG!
Heyludd hits you!
* * * LOW HITPOINT WARNING * * *
You take 28 damage, and have 6/37 hp.
MASSIVE DAMAGE!!
Unknown command.
You feel guilty. "You will pay for your transgression, mortal!"
You slice Heyludd!! You kick Heyludd, but do no damage. You hit the soul eater.
You slash the smoke demon!
Visions of slaying the smoke demon flood into your mind.
You block the soul eater's attack.
BONNNG!
Heyludd gestures.
The dungeon shakes, a horrible noise fills the air, and a portal to some otherworldly place is opened!
You block the smoke demon's attack.
GONNNNG!
The smoke demon hits you but does no damage.
You block the smoke demon's attack.
PTOANNNG!
The soul eater hits you!
You die...

▓▓▓▓▓▓▓▓▓▓▓▓▓
▓.8©8.▓.8©8.▓
▓.))}.▓.....▓
▓.....▓.:...▓
▓..&@.▓.....▓
▓..33.▓.....▓
▓..∩..▓.....▓
▓.....▓▓▓▓▓▓▓
▓▓▓▓▓▓▓


You could see Heyludd, a soul eater and a smoke demon.

Vanquished Creatures
  A jelly (D)
  A white imp (D)
  An ooze (D)
3 creatures vanquished.

Vanquished Creatures (others)
  2 spatial maelstroms (D)
2 creatures vanquished.

Grand Total: 5 creatures vanquished

Notes
Turn   | Place    | Note
-------+----------+-------------------------------------------
     0 | D        | esc the Centaur Fighter began the quest for the Orb.
     0 | D        | Reached XP level 1. HP: 19/19 MP: 1/1
     0 | D        | Found a deep blue altar of Sif Muna.
     0 | D        | Found a sacrificial altar of Ru.
     0 | D        | Found a bloodstained altar of Trog.
     0 | D        | Found a stormy altar of Qazlal.
     0 | D        | Found an iron altar of Okawaru.
     0 | D        | Found a sparkling altar of Nemelex Xobeh.
     0 | D        | Found a blossoming altar of Fedhas.
     2 | D        | Found an ancient bone altar of Kikubaaqudgha.
     2 | D        | Found a viscous altar of Jiyva.
     2 | D        | Found a corrupted altar of Lugonu.
     2 | D        | Found a hazy altar of Hepliaklqana.
     2 | D        | Found a burning altar of Makhleb.
     2 | D        | Found an opulent altar of Gozag.
     3 | D        | Banished a spatial maelstrom
     8 | D        | Reached skill level 5 in Fighting
     8 | D        | Reached skill level 4 in Axes
     8 | D        | Reached skill level 3 in Armour
     8 | D        | Reached XP level 2. HP: 29/29 MP: 2/2
    26 | D        | Banished a spatial maelstrom
   184 | D        | Became a worshipper of the Shining One
   196 | D        | Entered arena 1.
   198 | D        | Was placed under penance by the Shining One
   199 | D        | Reached skill level 4 in Armour
   199 | D        | Reached skill level 1 in Dodging
   199 | D        | Reached XP level 3. HP: 37/37 MP: 3/3
   210 | D        | Entered arena 2.
   210 | D        | Noticed Heyludd the pandemonium lord
   210 | D        | Was forgiven by the Shining One
   210 | D        | Noticed a soul eater
   210 | D        | Reached * piety under the Shining One
   213 | D        | Was placed under penance by the Shining One
   214 | D        | Noticed a smoke demon
   217 | D        | HP: 6/37 [Heyludd the pandemonium lord (14)]
   219 | D        | Mangled by a soul eater

Vault maps used:
D:        sprint_v

Skill      XL: |  1  2 |
---------------+-------+-----
Fighting       | 5 |  5.7
Axes           | 4 |  4.8
Armour         | 3 4 |  4.3
Dodging        | 1 |  1.5
Shields        | |  2.1

Action                   || total
-------------------------++-------
Melee: Broad axe         ||     8
       Kick              ||     5
  Use: Potion            ||     1
Armor: Plate armour      ||     7
Block: Shield            ||    13

Vault maps used:
D:        sprint_v

Table legend:
 A = Turns spent in this place as a percentage of turns spent in the entire game.
 B = Non-inter-level travel turns spent in this place as a percentage of non-inter-level travel turns spent in the entire game.
 C = Inter-level travel turns spent in this place as a percentage of turns spent in this place.
 D = Turns resting spent in this place as a percentage of non-inter-level travel turns spent in this place.
 E = Turns spent auto-exploring this place as a percentage of non-inter-level travel turns spent in this place.
 F = Non-inter-level travel turns spent in this place divided by the number of levels of this place that you've seen.
                   A       B       C       D       E      F
               +-------+-------+-------+-------+-------+----------------------
         Total | 100.0 | 100.0 |   0.0 |   0.0 |   0.0 | 204.0
       Dungeon | 100.0 | 100.0 |   0.0 |   0.0 |   0.0 | 204.0
               +-------+-------+-------+-------+-------+----------------------

Table legend:
 A = Kills in this place as a percentage of kills in entire the game.
 B = Kills by you in this place as a percentage of kills by you in the entire game.
 C = Kills by friends in this place as a percentage of kills by friends in the entire game.
 D = Other kills in this place as a percentage of other kills in the entire game.
 E = Experience gained in this place as a percentage of experience gained in the entire game.
 F = Experience gained in this place divided by the number of levels of this place that you have seen.
                   A       B       C       D       E      F
               +-------+-------+-------+-------+-------+----------------------
         Total | 100.0 | 100.0 |  -nan |  -nan | 100.0 |  60.0
       Dungeon | 100.0 | 100.0 |  -nan |  -nan | 100.0 |  60.0
               +-------+-------+-------+-------+-------+----------------------
